 Dungeon Crawl Stone Soup version 0.31.0-12-g77e489cdc1 (webtiles) character file.

Game seed: 17327991759989387363

88 Gadfly the Insei (level 4, -2/35 HPs)
             Began as a Demonspawn Monk on Feb 13, 2024.
             Slain by a gnoll
             ... wielding a +0 spear
              (5 damage)
             ... on level 3 of the Dungeon.
             The game lasted 00:02:44 (2166 turns).

Gadfly the Insei (Demonspawn Monk)                  Turns: 2166, Time: 00:02:44

Health: -2/35      AC:  3    Str: 13    XL:     4   Next: 29%
Magic:  4/4        EV: 14    Int: 10    God:
Gold:   61         SH:  0    Dex: 22    Spells: 3/3 levels left

rFire   . .          .
                       - Unarmed
rCold   . . .        c - orb {light}
rNeg    . . .        a - +1 robe
rPois   .            (no helmet)
rElec   .            (no cloak)
rCorr   .            (no gloves)
SInv    .            (no boots)
Will    .....        f - amulet of faith
Stlth   +            i - +6 ring of dexterity
HPRegen 0.25/turn    (no ring)
MPRegen 0.09/turn

%: faith
@: lethally poisoned (-2 -> -5), glowing
A: powered by pain 1
a: no special abilities


You were on level 3 of the Dungeon.
You visited 1 branch of the dungeon, and saw 3 of its levels.

You collected 105 gold pieces.
You spent 44 gold pieces at shops.

Inventory:

Armour
 a - a +1 robe (worn)
 c - an orb of light (worn)
Jewellery
 f - an amulet of faith (around neck)
 i - a +6 ring of dexterity (left hand)
Scrolls
 g - 3 scrolls of revelation
 k - a scroll of identify
Potions
 b - a potion of ambrosia
 d - a potion of mutation {unknown}
 e - a potion of cancellation
 h - a potion of heal wounds {unknown}
 j - a potion of curing {unknown}


   Skills:
 - Level 3.0 Fighting
 + Level 3.0 Dodging
 * Level 3.3 Unarmed Combat
 * Level 2.0 Evocations
 * Level 1.4 Shapeshifting


You had 3 spell levels left.
You didn't know any spells.
Your spell library contained the following spells:

 Spells                   Type           Power      Damage    Failure   Level
 Sting                    Conj/Alch      0%         1d3       36%         1


Dungeon Overview and Level Annotations

Branches:
Dungeon (3/15)

Altars:

Shops:
D:1 *=(:?

Annotations:
D:2 Sigmund


Innate Abilities, Weirdness & Mutations

You sometimes gain a little power by taking damage.


Message History

The gnoll attacks as it pursues you! The gnoll misses you.
You hit the gnoll but do no damage. The gnoll attacks as it pursues you!
The gnoll barely misses you.
You hit the gnoll.
The gnoll is heavily wounded.
The gnoll hits you with a +0 flail. The gnoll misses you.
There is a large open door, spattered with blood here.
You see here a hobgoblin corpse.
You hit the gnoll.
The gnoll is severely wounded.
The gnoll completely misses you.
You hit the gnoll.
You kill the gnoll!
Your Evocations skill increases to level 2!
You hit the adder.
The adder is moderately wounded.
The adder barely misses you. x2
You closely miss the adder.
The adder is moderately wounded.
The gnoll hits you from afar with a +0 spear.
The adder bites you.
You are poisoned.
The adder poisons you!
You hit the adder.
The adder is severely wounded.
You feel sick.
The gnoll hits you from afar with a +0 spear.
The adder bites you but does no damage.
You are too injured to fight recklessly!
Unknown command.
You feel sick. The adder attacks as it pursues you! The adder bites you.
You feel sick. The gnoll attacks as it pursues you!
The gnoll hits you from afar with a +0 spear!
* * * LOW HITPOINT WARNING * * *
* * * LOW HITPOINT WARNING * * *
You feel sick. The adder bites you but does no damage.
The gnoll attacks as it pursues you!
The gnoll hits you from afar with a +0 spear.
You die...

....................
..........#.........
.....<............).
........#..........#
....>...............
........#B.#.########
.......g##gg.#......#
........###g##.≈.≈≈.#
........# #.K)gS@♣..#
.....B..# ##.†..♣.≈.#
.......## ###.≈≈.≈.#
........ #......#
......... ########
........K.
..........B
............


You could see 2 gnolls, an adder and a kobold.

Vanquished Creatures
  2 adders (D:2)
  A gnoll (D:3)
  3 dart slugs (D:1)
  An orc (D:3)
  4 bats
  5 endoplasms
  3 giant cockroaches
  5 goblins
  9 hobgoblins
  5 kobolds
  2 quokkas (D:3)
  2 ball pythons
  3 frilled lizards
  3 rats
48 creatures vanquished.

Notes
Turn   | Place    | Note
-------+----------+-------------------------------------------
     0 | D:1      | Gadfly the Demonspawn Monk began the quest for the Orb.
     0 | D:1      | Reached XP level 1. HP: 18/18 MP: 1/1
    50 | D:1      | Gained mutation: You sometimes gain a little power by
                  | taking damage. [demonic ancestry]
    50 | D:1      | Reached XP level 2. HP: 4/24 MP: 2/2
   236 | D:1      | Found Duifuje's Book Emporium.
   299 | D:1      | You fall into a shaft and drop 1 floor!
   343 | D:2      | Reached skill level 1 in Evocations
   404 | D:2      | Reached skill level 1 in Shapeshifting
   404 | D:2      | Reached XP level 3. HP: 27/29 MP: 3/3
   650 | D:2      | Noticed Sigmund
   853 | D:1      | Found Xyed's Jewellery Shoppe.
   855 | D:1      | Found Xilo's Weapon Shoppe.
  1025 | D:1      | Found Piteav's Magic Scroll Shop.
  1031 | D:1      | Bought a scroll of identify for 28 gold pieces
  1293 | D:1      | Found Dietum's Assorted Antiques.
  1299 | D:1      | Bought a scroll labelled LEDIAHI VEZAT for 16 gold pieces
  1942 | D:3      | Found a faded altar of an unknown god.
  1953 | D:3      | Got Plato's Papyrus of Transfiguration
  1978 | D:3      | Reached XP level 4. HP: 32/35 MP: 4/4
  2166 | D:3      | Slain by a gnoll

Illustrated notes

Levels and vault maps discovered:
D:1:      amcnicky_arrival_single_pillar, layout_basic, serial_shops,
          shop_statue, shop, nicolae_shop_trees, nicolae_shop_scrapyard,
          nicolae_shop_rolling_square
D:2:      layout_basic, uniq_sigmund
D:3:      layout_rooms, tso_altar, yredelemnul_forgotten_temple_becter,
          shapermc_ecumenical_altar_rom_forum, kennysheep_generic_room_12

Skill      XL: |  1  2  3  4 |
---------------+-------------+-----
Evocations     | 1 2 |  2.0
Unarmed Combat | 3 |  3.3
Shapeshifting  | 1 |  1.4
Dodging        | 3 |  3.0
Fighting       | |  3.0

Action                     |  1- 3 |  4- 6 || total
---------------------------+-------+-------++-------
  Melee: Unarmed           |   121 |    45 ||   166
    Use: Scroll            |     7 |       ||     7
 Armour: Robe              |    48 |    23 ||    71
  Dodge: Dodged            |    86 |    39 ||   125
